 Dungeon Crawl Stone Soup version 0.30-a0-439-g9e77e4d916 (webtiles) character file.

Game seed: 12162916322576552272

28236 oneeeeegina the Thaumaturge (level 13, -10/70 HPs)
             Began as a Djinni Necromancer on Dec 9, 2022.
             Was an Elder of Hepliaklqana.
             Mangled by a naga warrior
             ... wielding a +0 mace
              (14 damage)
             ... on level 1 of the Snake Pit on Dec 10, 2022.
             The game lasted 01:44:41 (14381 turns).

oneeeeegina the Thaumaturge (Djinni Necromancer)   Turns: 14381, Time: 01:44:42

Health: -10/70     AC:  7    Str: 11    XL:     13   Next: 71%
Gold:   592        EV: 19    Int: 18    God:    Hepliaklqana [****..] SH:  5 Dex: 20

rFire   + + +      SeeInvis .    d - +2 dagger (freeze)
rCold   x . .      Faith    .    (no shield)
rNeg    . . .      Spirit   .    g - +2 robe {rF+}
rPois   ∞          Reflect  +    (no helmet)
rElec   .          Harm     .    o - +2 cloak
rCorr   +          Rampage  .    (no gloves)
Will    +....      NoTele   +    (boots unavailable)
Stlth   +++.......               c - amulet of Posou {Reflect -Tele Regen+ rCorr SH+5}
HPRegen 1.11/turn                E - +6 ring of dexterity
MPRegen 0.00/turn                v - +4 ring of evasion

@: flying, constricted
A: reduced essence, sickness immunity, fire resistance 2, cold vulnerability 1,
float, innate caster, HP casting, extra vitality 1
a: Renounce Religion, Recall Ancestor, Ancestor Identity, Transference, Idealise


You were on level 1 of the Snake Pit.
You worshipped Hepliaklqana.
Hepliaklqana was greatly pleased with you.
You visited 4 branches of the dungeon, and saw 17 of its levels.
You also visited: Ossuary.

You collected 1089 gold pieces.
You spent 497 gold pieces at shops.

Inventory:

Hand Weapons
 d - a +2 dagger of freezing (weapon)
 J - a +3 dagger
Missiles
 j - 10 poisoned darts
 u - a throwing net
Armour
 g - a +2 robe of fire resistance (worn)
 o - a +2 cloak (worn)
 G - a +0 leather armour
Jewellery
 c - the amulet of Posou (around neck) {Reflect -Tele Regen+ rCorr SH+5}
   (You acquired it on level 5 of the Dungeon)

   [amulet of reflection]

   It reflects blocked missile attacks.
   -Tele:     It prevents most forms of teleportation.
   Regen:     It increases your rate of health regeneration.
   rCorr:     It protects you from acid and corrosion.
   SH:        It affects your SH (+5).
 p - a +4 ring of evasion
 v - a +4 ring of evasion (right hand)
 E - a +6 ring of dexterity (left hand)
Wands
 f - a wand of iceblast (3)
Scrolls
 a - a scroll of amnesia {unknown}
 b - a scroll of magic mapping {unknown}
 q - 5 scrolls of teleportation
 r - 4 scrolls of poison
 t - 3 scrolls of immolation
 x - a scroll of enchant armour
 y - a scroll of acquirement
 F - 2 scrolls of blinking
Potions
 e - 2 potions of degeneration
 h - 3 potions of mutation
 i - a potion of lignification
 m - a potion of might
 n - a potion of cancellation
 s - 4 potions of haste
 w - 3 potions of brilliance
 z - 2 potions of attraction
 A - 2 potions of magic
 B - 2 potions of ambrosia
 D - a potion of invisibility {unknown}


   Skills:
 + Level 2.1 Fighting
 * Level 7.2 Short Blades
 + Level 0.2 Throwing
 * Level 9.4 Dodging
 + Level 3.8 Stealth
 + Level 3.1 Shields
 * Level 14.1 Spellcasting
 + Level 4.2 Evocations


You had 7 spell levels left.
You knew the following spells:

 Your Spells              Type           Power      Damage    Failure   Level
a - Necrotise             Necr           100%       1d9       0%          1
b - Vampiric Draining     Necr           59%        2d10      1%          3
c - Animate Dead          Necr           59%        N/A       1%          4
d - Agony                 Necr           59%        N/A       1%          5
e - Sting                 Tmut/Pois      100%       1d8       0%          1
f - Momentum Strike       Conj/Tloc      100%       3d10      1%          2
g - Call Canine Familiar  Summ           59%        N/A       1%          3
h - Iskenderun's Mystic   Conj/Tloc      59%        2d12      1%          4
i - Metabolic Englaciati  Hex/Ice        29%        N/A       1%          5
j - Summon Forest         Summ/Tloc      29%        N/A       1%          5
Your spell library was empty.

Dungeon Overview and Level Annotations

Branches:
Dungeon (13/15)            Temple (1/1) D:7            Lair (2/5) D:11
  Snake (1/4) Lair:2          Orc (0/2) D:11        Ossuary (visited)
  Swamp: Lair:2-3    Shoals: Lair:2-3    Vaults: D:13-14

Altars:
Cheibriados
Elyvilon
Gozag
Hepliaklqana
Makhleb
Nemelex Xobeh
Okawaru
Qazlal
Uskayaw
Wu Jian

Shops:
D:8 !   D:9 *   D:10 **=

Annotations:
D:12 Josephine


Innate Abilities, Weirdness & Mutations

Your life essence is reduced to manifest your ancestor. (-10% HP)
You are immune to sickness and miasma.
You are immune to poison.
Your flesh is very heat resistant. (rF++)
You are vulnerable to cold. (rC-)
You float through the air rather than walking.
You learn spells naturally, not from books.
Your magical power is your life essence.
You have superior vitality. (+4 MHP)


Message History

You feel life coursing into your body.
* * * LOW HITPOINT WARNING * * *
The naga warrior barely misses you. The naga warrior constricts you.
* * * LOW HITPOINT WARNING * * *
Drinking this now will have no effect.
You are confused.
You feel invigorated. The naga warrior closely misses you.
The naga warrior constricts you.
* * * LOW HITPOINT WARNING * * *
You feel better.
You feel less invigorated.
The naga warrior hits you with a +0 mace!
* * * LOW HITPOINT WARNING * * *
The naga warrior constricts you.
* * * LOW HITPOINT WARNING * * *
Aiming: Vampiric Draining (safe; 1% risk of failure)
Press: ? - help, Q - select action, (/) - cycle Shift-Dir - straight line, f/p - naga warrior
Aim: a naga warrior, wielding a +0 mace and wearing a +1 kite shield of protection (heavily wounded, constricting you, catching its breath)
You draw life force from the naga warrior.
You feel life coursing into your body.
* * * LOW HITPOINT WARNING * * *
The naga warrior misses you. The naga warrior constricts you.
* * * LOW HITPOINT WARNING * * *
Aiming: Vampiric Draining (safe; 1% risk of failure)
Press: ? - help, Q - select action, (/) - cycle Shift-Dir - straight line, f/p - naga warrior
Aim: a naga warrior, wielding a +0 mace and wearing a +1 kite shield of protection (severely wounded, constricting you)
You draw life force from the naga warrior!
You feel life coursing into your body.
* * * LOW HITPOINT WARNING * * *
The naga warrior spits poison at you.
The splash of poison hits you but does no damage.
You resist. The naga warrior constricts you.
* * * LOW HITPOINT WARNING * * *
You don't have enough health to cast this spell.
You don't have enough health to cast this spell.
Unknown command.
Okay, then.
Okay, then.
The naga warrior hits you with a +0 mace!
Keep disrobing?
You die...

#...#...##
....#....## #.####
#..##.N.## #....
#†..##ZN## #...#
#....#Z.## #...#
##..†#...##
#...######
##...#...##
#...#.....
##..#N...###...#.....
##.@##...#..........
##.^.##......#.....
##..##......#.....
##.........#.....
##........#.....
####.....#.....
.......#.....
####...#.....
#########


You could see a naga warrior (catching breath).

Vanquished Creatures
  Erolcha (D:10)
  A hydra (D:10)
  2 two-headed ogres (D:9)
  A boulder beetle (D:12)
  A naga warrior (Snake:1)
  Pikel (D:7)
  A mana viper (Snake:1)
  2 cyclopes
  5 black mambas
  3 cane toads
  A gargoyle (D:13)
  A kobold demonologist (D:10)
  2 komodo dragons
  A troll (D:10)
  A hornet (D:8)
  Grinder (D:3)
  3 blink frogs (Lair:2)
  Sigmund (D:2)
  A wyvern (Lair:2)
  18 yaks
  Eustachio (D:5)
  2 steam dragons
  Grum (D:8)
  Duvessa (D:7)
  6 water moccasins (Lair:2)
  An ice beast (D:6)
  4 black bears
  A sky beast (D:7)
  5 wolves
  A centaur (D:6)
  A lemure (D:7)
  2 phantoms
  A kobold brigand (D:8)
  5 bullfrogs
  An elf zombie (Ossuary)
  2 gnoll sergeants (D:9)
  4 scorpions
  A necrophage (D:6)
  Dowan (D:7)
  7 killer bees
  A howler monkey (D:9)
  3 hounds
  3 jellies
  A gnoll bouda (D:7)
  2 orc priests
  Crazy Yiuf (D:2)
  3 iguanas
  Jessica (D:3)
  Ijyb (D:4)
  An orc wizard (D:3)
  5 gnolls
  11 adders
  4 shadow imps (D:5)
  2 white imps
  An ufetubus (D:6)
  2 adder zombies (Ossuary)
  A worm (D:2)
  20 orcs
  6 ball pythons
  6 endoplasms
  2 giant cockroaches
  15 goblins
  7 hobgoblins
  5 jackals
  2 quokkas
  3 frilled lizards
  A goblin zombie (Ossuary)
  A hobgoblin zombie (Ossuary)
  2 jackal zombies (Ossuary)
  8 kobolds
  A kobold zombie (Ossuary)
  3 orc zombies (Ossuary)
  A quokka zombie (Ossuary)
  2 rats
  A rat zombie (Ossuary)
225 creatures vanquished.

Vanquished Creatures (collateral kills)
  Gastronok (D:11)
  Harold (D:11)
  A catoblepas (Lair:1)
  A shock serpent (Snake:1)
  A manticore (D:11)
  A torpor snail (Lair:2)
  3 black mambas
  A naga mage (Snake:1)
  A cane toad (Lair:1)
  3 kobold demonologists
  2 blink frogs (Lair:2)
  17 yaks
  A steam dragon (Lair:2)
  10 water moccasins
  A sky beast (D:8)
  5 wolves
  2 black bears
  2 centaurs
  2 lemures (D:7)
  A kobold brigand (D:10)
  3 elf zombies (Ossuary)
  3 bullfrogs (Lair:1)
  A scorpion (D:7)
  3 wights (D:8)
  2 killer bees
  An electric eel (D:8)
  A centaur zombie (Ossuary)
  A human zombie (Ossuary)
  An orc priest (D:10)
  A hound (D:4)
  A jelly (D:6)
  An iguana (D:4)
  An orc wizard (D:8)
  3 mummies (Ossuary)
  6 gnolls
  4 adder zombies (Ossuary)
  5 orcs
  An endoplasm (D:2)
  A gnoll zombie (Ossuary)
  A hobgoblin (D:2)
  A quokka (D:1)
  A goblin (D:2)
  A goblin zombie (Ossuary)
  3 hobgoblin zombies (Ossuary)
  4 jackal zombies (Ossuary)
  7 kobolds
  A kobold zombie (Ossuary)
  A quokka zombie (Ossuary)
  A rat (D:2)
  2 rat zombies (Ossuary)
120 creatures vanquished.

Vanquished Creatures (others)
  A black mamba (Snake:1)
  A shock serpent zombie (Snake:1)
  A black mamba zombie (Snake:1)
  A naga zombie (Snake:1)
  4 yak zombies
  4 wolf zombies
  2 bullfrog zombies (Lair:1)
  2 ancestors (D:9)
  A knight (D:10)
  3 killer bee zombies (D:10)
  A kobold zombie (D:8)
  9 gnoll zombies
  A hobgoblin zombie (Ossuary)
  A jackal zombie (Ossuary)
  10 fungi
  18 plants
60 creatures vanquished.

Grand Total: 405 creatures vanquished

Notes
Turn   | Place    | Note
-------+----------+-------------------------------------------
     0 | D:1      | oneeeeegina the Djinni Necromancer began the quest for the
                  | Orb.
     0 | D:1      | oneeeeegina set off with the following spells memorised:
                  | Necrotise, Vampiric Draining, Animate Dead, Agony.
     0 | D:1      | Reached XP level 1. HP: 15/15 MP: 0/0
   306 | D:1      | Reached XP level 2. HP: 19/21 MP: 0/0
   940 | D:2      | Reached XP level 3. HP: 18/25 MP: 0/0
   940 | D:2      | Learned a level 1 spell: Sting
   987 | D:2      | Reached skill level 4 in Spellcasting
  1046 | D:2      | Reached XP level 4. HP: 31/31 MP: 0/0
  1160 | D:2      | Noticed Sigmund
  1179 | D:2      | Found a runed translucent door.
  1180 | D:2      | Noticed Crazy Yiuf
  1306 | D:2      | Killed Sigmund
  1307 | D:2      | Reached skill level 1 in Short Blades
  1307 | D:2      | Reached skill level 5 in Spellcasting
  1307 | D:2      | Reached XP level 5. HP: 28/35 MP: 0/0
  1307 | D:2      | Learned a level 2 spell: Momentum Strike
  1307 | D:2      | Reached XP level 6. HP: 32/40 MP: 0/0
  1326 | D:2      | Found a stormy altar of Qazlal.
  1409 | D:2      | Killed Crazy Yiuf
  1839 | D:3      | Found a faded altar of an unknown god.
  1880 | D:3      | Reached XP level 7. HP: 23/46 MP: 0/0
  1880 | D:3      | Learned a level 3 spell: Call Canine Familiar
  2093 | D:3      | Noticed Jessica
  2101 | D:3      | Killed Jessica
  2317 | D:3      | Noticed Grinder
  2458 | D:3      | Killed Grinder
  2459 | D:3      | Reached skill level 6 in Spellcasting
  3099 | D:4      | Noticed Ijyb
  3145 | D:4      | Reached XP level 8. HP: 15/51 MP: 0/0
  3146 | D:4      | Killed Ijyb
  4221 | D:5      | Entered Level 5 of the Dungeon
  4356 | D:5      | Found a transporter.
  4397 | D:5      | Found a transporter.
  4589 | D:5      | Reached skill level 7 in Spellcasting
  4601 | D:5      | Reached skill level 1 in Evocations
  5036 | D:5      | Noticed Eustachio
  5044 | D:5      | Killed Eustachio
  5045 | D:5      | Reached XP level 9. HP: 43/56 MP: 0/0
  5045 | D:5      | Learned a level 4 spell: Iskenderun's Mystic Blast
  5647 | D:5      | Identified a scroll of acquirement
  5647 | D:5      | Acquired the amulet of Posou {Reflect -Tele Regen+ rCorr
                  | SH+5}
  5765 | D:6      | Reached skill level 1 in Fighting
  5911 | D:6      | Reached skill level 8 in Spellcasting
  5930 | D:6      | Found a hide-covered altar of Uskayaw.
  6111 | D:6      | Found a white marble altar of Elyvilon.
  6279 | D:6      | Identified the ring of Fedhas's Wrath {rElec rN+ Str-2
                  | Int+6}
  6302 | D:6      | Found a sand-covered staircase.
  6336 | Ossuary  | Entered an ossuary
  6385 | Ossuary  | Reached skill level 5 in Dodging
  6595 | Ossuary  | Reached skill level 1 in Shields
  7003 | D:7      | Noticed Duvessa
  7003 | D:7      | Noticed Dowan
  7007 | D:7      | Killed Dowan
  7011 | D:7      | Killed Duvessa
  7088 | D:7      | Found a sparkling altar of Nemelex Xobeh.
  7111 | D:7      | Found an ornate altar of the Wu Jian Council.
  7163 | D:7      | Reached XP level 10. HP: 42/62 MP: 0/0
  7251 | D:7      | Found a staircase to the Ecumenical Temple.
  7251 | D:7      | Noticed Pikel
  7269 | D:7      | Killed Pikel
  7279 | Temple   | Entered the Ecumenical Temple
  7311 | Temple   | Became a worshipper of Hepliaklqana the Forgotten
  7570 | D:7      | Found an opulent altar of Gozag.
  8030 | D:8      | Reached skill level 9 in Spellcasting
  8179 | D:8      | Noticed Grum
  8183 | D:8      | Killed Grum
  8184 | D:8      | Noticed a kobold demonologist
  8225 | D:8      | Noticed a sun demon
  8225 | D:8      | Killed a kobold demonologist
  8226 | D:8      | Reached skill level 5 in Short Blades
  8297 | D:8      | Found Plog's Distillery.
  8308 | D:8      | Bought a potion of curing for 33 gold pieces
  8308 | D:8      | Bought a potion of heal wounds for 55 gold pieces
  8308 | D:8      | Bought 2 potions of curing for 66 gold pieces
  8308 | D:8      | Bought a potion of curing for 33 gold pieces
  8342 | D:8      | Reached * piety under Hepliaklqana
  8517 | D:8      | Reached XP level 11. HP: 42/61 MP: 0/0
  8517 | D:8      | Learned a level 5 spell: Metabolic Englaciation
  8807 | D:8      | Upgraded the game from 0.30-a0-424-g7412bad402 to
                  | 0.30-a0-439-g9e77e4d916
  8857 | D:9      | Noticed a cyclops
  8865 | D:9      | Killed a cyclops
  8866 | D:9      | Reached skill level 10 in Spellcasting
  9114 | D:9      | Noticed a two-headed ogre
  9119 | D:9      | Killed a two-headed ogre
  9186 | D:9      | Noticed a two-headed ogre
  9190 | D:9      | Killed a two-headed ogre
  9243 | D:9      | Found Daeh's General Store.
  9256 | D:9      | Bought a scroll of identify for 22 gold pieces
  9256 | D:9      | Bought a scroll of poison for 44 gold pieces
  9354 | D:9      | Reached skill level 11 in Spellcasting
  9527 | D:10     | Entered Level 10 of the Dungeon
  9527 | D:10     | Found Cuevvis's Assorted Antiques.
  9535 | D:10     | Bought a potion of might for 124 gold pieces
  9568 | D:10     | Reached ** piety under Hepliaklqana
  9569 | D:10     | Remembered your ancestor Qinisela as a knight
  9591 | D:10     | Found Reh Masm's General Store.
  9601 | D:10     | Bought a potion of curing for 45 gold pieces
  9601 | D:10     | Bought a potion of heal wounds for 75 gold pieces
  9792 | D:10     | Noticed Erolcha
  9940 | D:10     | Noticed a six-headed hydra
  9953 | D:10     | Killed a six-headed hydra
 10033 | D:10     | Found Adghacopa's Jewellery Shoppe.
 10267 | D:10     | Killed Erolcha
 10268 | D:10     | Reached XP level 12. HP: 56/66 MP: 0/0
 10872 | D:11     | Found a staircase to the Lair.
 11017 | D:11     | Noticed Gastronok
 11038 | D:11     | Killed Gastronok
 11039 | D:11     | Reached skill level 12 in Spellcasting
 11127 | D:11     | Found a stormy altar of Qazlal.
 11156 | D:11     | Noticed Harold
 11164 | D:11     | Killed Harold
 11251 | D:11     | You are sucked into a shaft and drop 2 floors!
 11388 | D:13     | Reached *** piety under Hepliaklqana
 11405 | D:12     | Noticed a boulder beetle
 11427 | D:12     | Killed a boulder beetle
 11479 | D:12     | Noticed Josephine
 11688 | D:11     | Found a staircase to the Orcish Mines.
 11880 | Lair:1   | Entered Level 1 of the Lair of Beasts
 12304 | Lair:1   | Reached skill level 13 in Spellcasting
 12714 | Lair:1   | Noticed a catoblepas
 12753 | Lair:1   | Killed a catoblepas
 12754 | Lair:1   | Reached XP level 13. HP: 54/70 MP: 0/0
 12754 | Lair:1   | Learned a level 5 spell: Summon Forest
 12895 | Lair:2   | Reached **** piety under Hepliaklqana
 13045 | Lair:2   | Found a staircase to the Snake Pit.
 13956 | Snake:1  | Entered Level 1 of the Snake Pit
 14306 | Snake:1  | Reached skill level 14 in Spellcasting
 14380 | Snake:1  | HP: 3/70 [constriction (6)]
 14381 | Snake:1  | Mangled by a naga warrior

Illustrated notes

Levels and vault maps discovered:
D:1:      dpeg_arrival_yet_another_circle, layout_loops_ring, serial_park_tiny_2
D:2:      layout_basic, basic_altar, minmay_goblin_outpost,
          uniq_crazy_yiuf_cottage, uniq_sigmund
D:3:      layout_loops_corners, hellmonk_ecumenical_altar_blasted,
          hangedman_decor_lopped, uniq_jessica, uniq_grinder
D:4:      kennysheep_goblin_castle, layout_layer_cave
D:5:      gammafunk_wand_slinger, layout_layer_cave, uniq_eustachio
D:6:      layout_gridville, mainiacjoe_overflow_24_doors,
          eat_drink_and_be_merry_uskayaw, nicolae_ossuary_entry_monument
D:7:      layout_loops_ring, minitemple, kennysheep_mini_moat,
          minmay_temple_entry_water_ring, nicolae_benzene_ring, uniq_pikel,
          uniq_duvessa
D:8:      layout_basic, fungi_pond_lemuel, kennysheep_windowed_goal, uniq_grum
D:9:      layout_roguey, lemuel_crystal_altar, serial_shops, nicolae_square_shop
D:10:     layout_loops_corners, serial_shops, nicolae_take_the_stairs, shop,
          nicolae_shop_waterfront, serial_bayou_pond_b, uniq_erolcha
D:11:     layout_roguey, dpeg_oklobed_lair, orc_0_dummy,
          nicolae_qazlal_style_of_elements, uniq_gastronok, uniq_harold
D:12:     nzn_winding_woodlands_medium [nzn_winding_woodlands_5x5_perimeter,
          nzn_winding_woodlands_5x15_twine, nzn_winding_woodlands_5x5_open_star,
          nzn_winding_woodlands_5x5_checkerboard,
          nzn_winding_woodlands_center_triple_pond,
          nzn_winding_woodlands_hourglass, nzn_winding_woodlands_5x5_cross,
          nzn_winding_woodlands_5x15_crooked,
          nzn_winding_woodlands_5x5_default], layout_rooms, uniq_nessos,
          uniq_josephine
D:13:     layout_roguey
Temple:   eino_wide_crystal_templ
Lair:1:   layout_regular_city
Lair:2:   layout_cave_pods, minmay_snake_entry_six_corridors,
          chequers_serial_rivers_small_a, beast_lair_carwin_7
Snake:1:  nicolae_snake_crotalidae_crossing, layout_basic, serial_shops, shop

Skill      XL: |  1  2  3  4  5  6  7  8  9 10 11 12 13 |
---------------+----------------------------------------+-----
Spellcasting   | 4 5 6 7 8 9 11 13 14 | 14.1
Short Blades   | 1 2 4 5 6 7 |  7.2
Dodging        | 3 4 5 6 7 8 9 |  9.4
Evocations     | 1 2 3 4 |  4.2
Stealth        | 2 3 |  3.8
Fighting       | 1 2 |  2.1
Shields        | 1 2 3 |  3.1
Throwing       | |  0.2

Action                   |  1- 3 |  4- 6 |  7- 9 | 10-12 | 13-15 || total
-------------------------+-------+-------+-------+-------+-------++-------
Melee: Dagger            |    24 |    17 |   252 |   235 |    56 ||   584
       Punch             |       |     2 |     6 |     2 |     2 ||    12
Throw: Throwing net      |       |     1 |       |     2 |       ||     3
       Dart              |       |       |       |     2 |     3 ||     5
 Cast: Necrotise         |    37 |    55 |   137 |   155 |    87 ||   471
       Sting             |       |     1 |    10 |    26 |     3 ||    40
       Call Canine Famil |       |       |     9 |    21 |     7 ||    37
       Momentum Strike   |       |       |     6 |     6 |     1 ||    13
       Iskenderun's Myst |       |       |     5 |       |       ||     5
       Animate Dead      |       |       |     2 |    11 |     1 ||    14
       Vampiric Draining |       |       |       |    58 |    26 ||    84
       Agony             |       |       |       |     6 |       ||     6
       Metabolic Englaci |       |       |       |     2 |       ||     2
       Summon Forest     |       |       |       |       |     2 ||     2
Invok: Ancestor Life: Kn |       |       |       |     1 |       ||     1
Evoke: Wand              |       |       |    76 |    47 |     7 ||   130
  Use: Scroll            |       |     2 |    20 |     7 |     3 ||    32
       Potion            |       |       |     4 |     7 |    13 ||    24
 Stab: Sleeping          |       |     1 |       |       |       ||     1
       Distracted        |       |       |     2 |     4 |     1 ||     7
       Paralysed         |       |       |       |     1 |       ||     1
Armor: Robe              |     5 |     9 |    53 |    33 |    19 ||   119
Dodge: Dodged            |    13 |    20 |   241 |   271 |   127 ||   672
Block: Other             |       |       |    53 |    85 |    31 ||   169
       Reflection        |       |       |       |     2 |       ||     2

Table legend: (Time is in decaauts)
 A = Elapsed time spent in this place.
 B = Non-inter-level travel time spent in this place.
 C = Inter-level travel time spent in this place.
 D = Time resting spent in this place.
 E = Time spent auto-exploring this place.
 F = Levels seen in this place.
 G = Mean time per level.
                   A        B        C        D        E       F      G
               +--------+--------+--------+--------+--------+-----+--------+
         Total |  14260 |  13948 |    312 |   1011 |   5176 |  18 |  792.2 |
       Dungeon |  11365 |  11053 |    312 |    768 |   4370 |  13 |  874.2 |
        Temple |     40 |     40 |      0 |     24 |      0 |   1 |   40.0 |
          Lair |   2058 |   2058 |      0 |      4 |    806 |   2 | 1029.0 |
     Snake Pit |    420 |    420 |      0 |    211 |      0 |   1 |  420.0 |
       Ossuary |    375 |    375 |      0 |      4 |      0 |   1 |  375.0 |
               +--------+--------+--------+--------+--------+-----+--------+

Top non-repeatable levels by time:
     D:4: 1525 daAuts
     D:5: 1402 daAuts
    D:10: 1244 daAuts
     D:3: 1175 daAuts
  Lair:2: 1079 daAuts
     D:6: 1002 daAuts
  Lair:1: 978 daAuts
     D:7: 882 daAuts
    D:11: 844 daAuts
     D:8: 829 daAuts
     D:2: 759 daAuts
     D:1: 752 daAuts
     D:9: 704 daAuts
 Snake:1: 420 daAuts
 Ossuary: 375 daAuts
